 Dungeon Crawl Stone Soup version 0.17-a0-1753-g75d4604 (webtiles) character file.

335 monobi the Cudgeler (level 6, -13/50 HPs)
             Began as a Minotaur Gladiator on Sept 2, 2015.
             Was an Initiate of Nemelex Xobeh.
             Mangled by an orc warrior
             ... wielding a +1 long sword of electrocution
             ... created by the fury of Okawaru
              (20 damage)
             ... on level 4 of the Dungeon.
             The game lasted 00:29:17 (2695 turns).

monobi the Cudgeler (Minotaur Gladiator)            Turns: 2695, Time: 00:29:23

Health: -13/50     AC: 12    Str: 20    XL:     6   Next: 28%
Magic:  5/5        EV:  7    Int:  5    God:    Nemelex Xobeh [......]
Gold:   131        SH: 12    Dex: 12    Spells: 0 memorised, 5 levels left

rFire  . . .     SeeInvis .     w - +0 flail
rCold  + . .     Clarity  .     t - +2 scale mail {rN+}
rNeg   + . .     SustAt   .     z - +0 large shield
rPois  .         Gourm    .     c - +0 hat
rElec  .         Spirit   .     i - +0 cloak (curse)
rCorr  .         Warding  .     l - +0 pair of gloves (curse)
rMut   .         Stasis   .     (no boots)
MR     .....                    (no amulet)
Stlth  ..........               r - +1 ring of protection
                                k - ring of protection from cold

@: very slow, not resistant to hostile enchantments, extremely unstealthy
A: retaliatory headbutt, horns 2
a: Renounce Religion


You were on level 4 of the Dungeon.
You worshipped Nemelex Xobeh.
Nemelex Xobeh was noncommittal.
You were very hungry.

You visited 2 branches of the dungeon, and saw 5 of its levels.

You collected 131 gold pieces.

Inventory:

Hand weapons
 a - a +0 flail
 g - a cursed +0 club
 p - a +2 dagger of electrocution
 w - a +0 flail (weapon)
 D - a +2 rapier of venom
Missiles
 d - 3 throwing nets (quivered)
 n - 8 poisoned needles
 s - 4 poisoned tomahawks
Armour
 b - a +0 leather armour
 c - a +0 hat (worn)
 f - a +0 ring mail
 i - a cursed +0 cloak (worn)
 l - a cursed +0 pair of gloves (worn)
 m - a +0 leather armour
 t - a +2 scale mail of positive energy (worn)
 z - a +0 large shield (worn)
Jewellery
 k - a ring of protection from cold (left hand)
 r - a +1 ring of protection (right hand)
Magical devices
 B - a wand of cold (6)
Scrolls
 j - 3 scrolls of remove curse {unknown}
 q - a scroll of enchant weapon {unknown}
 v - a scroll of amnesia {unknown}
 y - 2 scrolls of identify {unknown}
 C - a scroll of magic mapping {unknown}
Potions
 h - a potion of heal wounds {unknown}
 o - 2 potions of curing
 u - 2 potions of haste {unknown}
 x - a potion of degeneration {unknown}
 A - 2 potions of berserk rage {unknown}
 E - a potion of cure mutation {unknown}
Miscellaneous
 G - a plain deck of destruction
Comestibles
 e - 3 bread rations
 F - 3 chunks of flesh


   Skills:
 + Level 2.9 Fighting
 + Level 5.4 Maces & Flails
 - Level 2.0 Throwing
 * Level 4.5 Armour
 + Level 4.9 Dodging
 + Level 0.5 Shields


You had 5 spell levels left.
You didn't know any spells.

Dungeon Overview and Level Annotations

Branches:
Dungeon (4/15)             Temple (1/1) D:4

Altars:
Cheibriados
Dithmenos
Elyvilon
Fedhas
Gozag
Makhleb
Nemelex Xobeh
Okawaru
Ru
Sif Muna
Trog
Vehumet
Yredelemnul
Zin
The Shining One


Innate Abilities, Weirdness & Mutations

You reflexively headbutt those who attack you in melee.
You have a pair of horns on your head.


Message History

You block the ogre's attack.
You sock the ogre!
You kill the ogre!
That felt strangely unrewarding.
The orc wizard hits you with a dagger. The orc hits you.
You block the orc's attack. The orc warrior barely misses you.
The orc wizard barely misses you. You furiously retaliate!
You headbutt the orc wizard! The orc hits you but does no damage.
You closely miss the orc wizard.
The orc wizard is heavily wounded.
You block the orc's attack. You block the orc warrior's attack.
The orc wizard hits you but does no damage.
The orc hits you. You block the orc's attack.
You hit the orc wizard but do no damage.
The orc wizard is heavily wounded.
The orc warrior hits you with a long sword of electrocution!
* * * LOW HITPOINT WARNING * * *
You are electrocuted!
You die...
Your body disappears without a glow.

#.......###.## #.#
#.......# #.# #.#
####.#### #.# #.#
###...## #.# #.#
##.....# #.# #.#
###...## #.# #.# #
##..# #.# #.# # ##.#
##.########.#
#####.####.....o@o...#
...........#...o.o.###
###...####...#####.#
#...###..........#
#.....[..)#####..#
#.#.###.#.# #..# #.#.#
#.#.# #..#
#<#.###.#.#####..#
#.#..##.#....##..###


You could see an orc warrior, an orc wizard and 2 orcs.

Vanquished Creatures
  An ogre (D:4)
  2 orc wizards
  A centaur skeleton (D:4)
  An orc priest (D:3)
  2 hounds
  2 worker ants
  5 adders
  An ooze (D:3)
  2 worms
  A giant gecko (D:3)
  13 orcs
  4 bats (D:1)
  5 hobgoblins
  2 jackals (D:4)
  2 quokkas
  A ball python (D:1)
  A ball python skeleton (D:4)
  7 goblins
  A jackal skeleton (D:4)
  3 rats
57 creatures vanquished.

Notes
Turn   | Place    | Note
--------------------------------------------------------------
     0 | D:1      | monobi the Minotaur Gladiator began the quest for the Orb.
     0 | D:1      | Reached XP level 1. HP: 18/18 MP: 0/0
   219 | D:1      | Reached XP level 2. HP: 23/25 MP: 1/1
   893 | D:2      | Reached skill level 4 in Maces & Flails
   915 | D:2      | Reached skill level 1 in Armour
  1202 | D:3      | Reached XP level 3. HP: 28/30 MP: 2/2
  1395 | D:3      | Reached XP level 4. HP: 37/37 MP: 3/3
  1483 | D:3      | Reached skill level 5 in Maces & Flails
  1483 | D:3      | Reached XP level 5. HP: 40/44 MP: 4/4
  1959 | D:4      | Found a snail-covered altar of Cheibriados.
  1969 | D:4      | Found a shadowy altar of Dithmenos.
  1995 | D:4      | Became a worshipper of Cheibriados the Contemplative
  2039 | D:4      | Reached XP level 6. HP: 35/50 MP: 5/5
  2175 | D:4      | Found a staircase to the Ecumenical Temple.
  2184 | Temple   | Entered the Ecumenical Temple
  2310 | Temple   | Fell from the grace of Cheibriados
  2310 | Temple   | Became a worshipper of Warmaster Okawaru
  2611 | D:4      | Found a sparkling altar of Nemelex Xobeh.
  2623 | D:4      | Fell from the grace of Okawaru
  2623 | D:4      | Became a worshipper of Nemelex Xobeh the Trickster
  2682 | D:4      | Received a gift from Nemelex Xobeh
  2695 | D:4      | Mangled by an orc warrior

Vault maps used:
D:1:      minmay_arrival_floating_metal, glass_columns_a, nrook_mini_backslash
D:2:      tgw_xom
D:3:      first_bread
D:4:      grunt_temple_overflow_open, lemuel_round_altar,
          lemuel_temple_firewalk_marked
Temple:   circular_temple_12

Action                   |  1- 3 |  4- 6 || total
-------------------------+-------+-------++-------
Melee: Flail             |    38 |   121 ||   159
  Eat: Chunk             |     1 |     4 ||     5
